Map: Shrines of Lizul

Players

Throwfordays

  • Race: Protoss Protoss
  • League: Silver
  • Spawn Location: 6:00

Faust

  • Race: Zerg Zerg
  • League: Diamond
  • Spawn Location: 9:00

QueenB

  • Race: Zerg Zerg
  • Spawn Location: 3:00

Jimmyfalcon

  • Race: Zerg Zerg
  • League: Diamond
  • Spawn Location: 12:00

VOD

Have the link to the VOD?

Description

Time

  • Played on: March 6, 2019, 11:46 p.m.
  • Length: 11:19
Show
View Real Time Build Order
Export as new Build Order

Throwfordays Protoss 

Build Orders:  

Get SALT Encoding   

  12  0:01  Probe  
  13  0:14  Probe  
  14  0:18  Pylon  
  14  0:22  Probe  
  15  0:32  Probe  
  15  0:41  Gateway  
  16  0:48  Probe  
  17  0:57  Gateway  
  17  1:01  Assimilator  
  17  1:04  Probe  
  18  1:16  Probe  
  18  1:17  Pylon  
  19  1:28  Probe  
  20  1:34  Zealot  
  20  1:36  Cybernetics Core  
  22  1:47  Zealot  
  22  1:52  Warp Gate  
  26  2:01  Zealot  
  26  2:15  Nexus  
  26  2:24  Zealot  
  28  2:32  Zealot  
  30  2:37  Assimilator  
  30  2:40  Probe  
  31  2:55  Pylon  
  31  3:00  Pylon  
  31  3:12  Pylon  
  31  3:13  Probe  
  31  3:16  Forge  
  32  3:25  Probe  
  33  3:30  Twilight Council  
  33  3:51  Probe  
  34  3:57  Probe  
  34  3:59  Probe  
  35  4:09  Probe x2  
  29  4:21  Probe  
  29  4:22  Probe  
  31  4:33  Probe  
  31  4:34  Probe  
  33  4:45  Probe x2  
  33  4:49  Photon Cannon  
  35  4:53  Photon Cannon, Probe x2  
  37  5:01  Probe x2  
  39  5:12  Probe x2  
  41  5:14  Assimilator  
  41  5:18  Assimilator  
  41  5:22  Pylon  
  41  5:24  Probe  
  41  5:27  Adept x2  
  46  5:36  Probe  
  46  5:40  Probe  
  48  5:48  Probe  
  45  5:50  Adept x2  
  49  5:59  Pylon  
  49  6:00  Probe  
  49  6:02  Gateway  
  48  6:06  Probe  
  48  6:10  Protoss Ground Weapons Level 1  
  49  6:12  Probe  
  49  6:14  Probe  
  50  6:21  Gateway  
  50  6:23  Resonating Glaives  
  50  6:24  Probe x2  
  50  6:29  Forge  
  51  6:35  Cybernetics Core  
  51  6:36  Probe x2  
  47  6:48  Probe  
  44  6:55  Nexus  
  44  6:58  Pylon  
  44  7:01  Assimilator  
  44  7:02  Adept x2  
  44  7:03  Assimilator  
  44  7:05  Adept  
  50  7:16  Adept  
  52  7:24  Adept  
  52  7:25  Adept x2  
  58  7:35  Probe  
  58  7:36  Probe  
  60  7:44  Probe  
  61  7:54  Photon Cannon, Probe  
  61  7:56  Protoss Ground Armor Level 1, Photon Cannon  
  61  7:58  Adept  
  64  7:59  Pylon  
  64  8:00  Adept x2  
  64  8:01  Adept  
  64  8:03  Charge  
  70  8:06  Probe  
  71  8:18  Probe  
  72  8:25  Probe  
  72  8:27  Probe  
  72  8:33  Probe  
  74  8:39  Probe  
  76  8:43  Probe  
  63  8:51  Probe  
  63  8:55  Probe  
  61  8:59  Adept  
  61  9:00  Adept x3  
  69  9:07  Probe  
  66  9:20  Adept  
  66  9:21  Adept x3, Gateway  
  66  9:23  Gateway  
  74  9:25  Gateway  
  74  9:28  Gateway  
  66  9:52  Adept x4  
  54  10:19  Adept  
  54  10:20  Adept x5  
  50  10:30  Adept  
  50  10:31  Adept  
  43  10:41  Adept x2  
  43  10:42  Adept x4  
  32  11:04  Adept x4  
  32  11:05  Adept x3  
Show
View Real Time Build Order
Export as new Build Order

Faust Zerg 

Build Orders: Hatch First 

Get SALT Encoding   

  12  0:00  Drone  
  13  0:10  Drone  
  14  0:18  Extractor, Drone  
  15  0:23  Overlord  
  15  0:41  Drone x2  
  17  0:57  Hatchery  
  17  1:00  Drone  
  17  1:12  Extractor, Drone  
  17  1:26  Spawning Pool  
  16  1:36  Drone x2  
  18  1:42  Drone  
  19  1:57  Overlord  
  19  2:12  Queen  
  21  2:16  Queen  
  21  2:17  Metabolic Boost  
  21  2:18  Zergling x4  
  25  2:31  Drone  
  25  2:32  Drone x2  
  25  2:35  Overlord  
  28  2:48  Zergling x4  
  30  3:07  Zergling x10  
  35  3:17  Baneling Nest  
  31  3:32  Zergling x6  
  31  3:33  Zergling x2  
  29  3:35  Zergling x8  
  18  3:57  Zergling x4  
  18  3:58  Zergling x2  
  21  4:13  Drone x2  
  13  4:51  Drone  
  13  4:52  Drone x2  
  15  4:58  Baneling  
  15  4:59  Baneling  
  15  5:05  Baneling  
  15  5:06  Baneling  
  15  5:16  Drone x2  
  17  5:29  Drone x2  
  17  6:07  Drone  
  17  6:08  Drone x5  
  17  6:09  Drone x2  
  17  6:10  Drone  
  26  6:36  Drone  
  26  6:37  Drone x5  
  32  6:52  Zergling x4  
  32  6:53  Zergling x2  
  35  6:56  Queen  
  37  7:03  Zergling x2  
  38  7:08  Drone  
  36  7:22  Baneling x2  
  36  7:26  Baneling x2  
  36  7:34  Drone x3  
  36  7:35  Drone  
  36  7:36  Extractor, Drone x2  
  36  7:37  Drone, Roach Warren  
  42  7:42  Queen  
  42  7:53  Extractor  
  42  7:55  Extractor  
  39  8:01  Zergling x2  
  39  8:02  Zergling x6  
  39  8:03  Overlord x2  
  39  8:04  Overlord  
  43  8:08  Lair  
  39  8:59  Zergling x16  
  39  9:00  Zergling x2  
  31  9:18  Baneling x3  
  31  9:19  Baneling x2  
  30  9:26  Baneling x8  
  21  9:42  Zergling x6  
  4  10:08  Baneling x3  
  2  10:19  Zergling x6  
  2  10:21  Baneling x2  
Show
View Real Time Build Order
Export as new Build Order

QueenB Zerg 

Build Orders: Hatch First 

Get SALT Encoding   

  12  0:33  Drone  
  13  0:38  Hatchery  
  13  0:42  Overlord  
  12  0:47  Drone  
  13  1:08  Spawning Pool  
  13  1:09  Drone  
  13  1:14  Drone  
  14  1:18  Drone  
  14  1:24  Drone  
  16  1:33  Drone  
  17  1:53  Drone  
  18  1:55  Queen  
  18  2:00  Extractor  
  20  2:01  Drone  
  20  2:02  Overlord  
  20  2:11  Spore Crawler  
  20  2:14  Drone  
  20  2:17  Drone  
  20  2:18  Drone  
  20  2:20  Queen  
  24  2:27  Drone  
  24  2:28  Drone  
  26  2:36  Drone  
  27  2:40  Extractor  
  27  2:41  Drone x2  
  28  2:50  Drone  
  29  2:52  Overlord  
  29  2:58  Drone  
  30  3:03  Drone  
  31  3:09  Drone x3  
  31  3:11  Drone  
  35  3:16  Lair  
  35  3:23  Spine Crawler  
  35  3:25  Drone  
  35  3:30  Drone  
  35  3:31  Drone  
  37  3:47  Drone x3  
  37  3:48  Drone  
  41  3:51  Extractor  
  41  3:54  Overlord x3  
  40  4:03  Spine Crawler  
  40  4:06  Spine Crawler  
  40  4:08  Drone  
  40  4:09  Drone, Spine Crawler  
  39  4:19  Drone x2, Hydralisk Den  
  40  4:25  Drone x4  
  46  4:33  Zergling x6  
  46  4:37  Zergling x2  
  48  4:44  Drone  
  49  4:49  Grooved Spines  
  49  5:00  Hydralisk  
  49  5:01  Hydralisk  
  49  5:06  Drone  
  54  5:07  Hatchery  
  54  5:08  Drone x3  
  54  5:13  Drone x3  
  59  5:20  Hydralisk  
  61  5:24  Hydralisk  
  63  5:33  Drone x3  
  66  5:38  Drone  
  66  5:39  Drone  
  68  5:43  Overlord  
  68  5:47  Overlord x2  
  68  6:00  Muscular Augments  
  60  6:11  Hydralisk  
  60  6:12  Hydralisk x4  
  60  6:18  Hydralisk x4  
  70  6:19  Hydralisk  
  76  6:27  Spine Crawler, Hydralisk  
  77  6:37  Hydralisk  
  79  6:44  Hydralisk x4  
  87  6:59  Extractor  
  87  7:00  Queen  
  89  7:01  Drone x3  
  89  7:02  Extractor  
  89  7:05  Drone x3  
  93  7:10  Drone x2  
  95  7:17  Hydralisk  
  95  7:21  Overlord  
  97  7:25  Overlord x4  
  97  7:28  Overlord x2  
  97  7:44  Drone x2  
  97  7:48  Hydralisk x2  
  97  7:49  Hydralisk x3  
  109  7:51  Hydralisk x3  
  109  7:52  Hydralisk  
  117  8:17  Evolution Chamber  
  117  8:18  Evolution Chamber  
  117  8:19  Hydralisk x3  
  117  8:20  Hydralisk x2  
  125  8:28  Hatchery  
  125  8:29  Drone  
  125  8:30  Extractor, Drone x2  
  125  8:31  Drone  
  127  8:35  Drone x4  
  127  8:36  Drone  
  127  8:40  Hydralisk x2  
  136  8:42  Pneumatized Carapace  
  136  8:48  Hydralisk x2  
  138  9:21  Hydralisk x3  
  144  9:25  Hydralisk x4  
  126  9:56  Hydralisk x2  
  126  9:57  Hydralisk x4  
  136  10:00  Overlord x4  
  122  10:27  Hydralisk x6  
  134  10:34  Extractor  
  133  10:36  Hydralisk x3  
  139  10:43  Hydralisk x5  
Show
View Real Time Build Order
Export as new Build Order

Jimmyfalcon Zerg 

Build Orders: Hatch First, Zergling Baneling 

Get SALT Encoding   

  12  0:01  Drone  
  13  0:11  Drone  
  14  0:15  Extractor, Drone  
  15  0:41  Extractor  
  14  0:46  Hatchery  
  14  0:47  Drone  
  14  1:02  Spawning Pool  
  13  1:09  Drone  
  14  1:15  Overlord  
  14  1:33  Drone x2  
  14  1:34  Drone  
  17  1:50  Metabolic Boost  
  17  1:54  Queen  
  19  2:04  Zergling x2  
  20  2:20  Zergling x2  
  21  2:24  Zergling x2  
  21  2:27  Zergling x2  
  23  2:30  Zergling x2  
  23  2:34  Zergling x2  
  23  2:36  Zergling x2  
  26  2:38  Zergling x2  
  27  2:50  Zergling x2  
  28  2:54  Overlord  
  28  3:05  Baneling Nest  
  28  3:08  Zergling x2  
  28  3:12  Queen  
  28  3:14  Zergling x2  
  28  3:15  Zergling x6  
  34  3:21  Zergling x2  
  35  3:30  Zergling x2  
  35  3:34  Zergling x2  
  36  3:35  Zergling x2  
  36  3:41  Zergling x2  
  34  3:45  Zergling x2  
  34  3:48  Zergling x2  
  36  3:54  Zergling x2, Drone  
  34  3:56  Drone  
  34  4:01  Zergling x2  
  36  4:05  Zergling x2  
  36  4:07  Zergling x2  
  31  4:10  Zergling x2  
  31  4:13  Drone  
  31  4:16  Baneling  
  33  4:17  Baneling x5  
  33  4:19  Zergling x2  
  34  4:28  Zergling x2  
  34  4:29  Zergling x2  
  32  4:38  Zergling x2  
  31  4:39  Zergling x2  
  28  4:53  Baneling x2  
  28  4:54  Baneling x3  
  28  4:55  Baneling  
  28  5:08  Zergling x2  
  28  5:09  Zergling x14  
  36  5:17  Lair  
  36  5:25  Overlord x3  
  36  5:28  Extractor, Drone  
  36  5:35  Baneling  
  36  5:36  Baneling  
  36  5:40  Hatchery  
  36  5:42  Drone  
  36  5:49  Drone  
  26  5:50  Zergling x2, Drone  
  26  5:52  Drone  
  27  5:58  Zergling x2  
  27  6:00  Zergling x2  
  27  6:01  Zergling x4  
  31  6:12  Zergling x2  
  31  6:23  Drone x3  
  34  6:28  Drone  
  34  6:31  Drone  
  36  6:35  Extractor  
  35  6:52  Drone x2  
  35  6:53  Drone  
  38  6:58  Queen  
  38  6:59  Queen x2  
  44  7:03  Zergling x2  
  45  7:14  Spine Crawler  
  39  7:16  Zergling x2  
  39  7:26  Overseer  
  39  7:28  Nydus Network  
  38  7:33  Zergling x18  
  38  7:34  Pneumatized Carapace  
  38  7:35  Zergling x2  
  48  7:40  Drone x2  
  50  7:52  Extractor  
  50  7:58  Baneling x8  
  49  8:00  Baneling  
  49  8:02  Baneling  
  49  8:28  Nydus Canal  
  45  8:51  Zergling x2  
  45  8:53  Zergling x2  
  45  8:54  Zergling x2  
  45  8:55  Zergling x30  
  57  8:59  Zergling x2  
  57  9:01  Zergling x2  
  57  9:02  Zergling x2  
  60  9:05  Zergling x2  
  60  9:07  Zergling x2  
  62  9:13  Zergling x4  
  64  9:23  Zergling x2  
  65  9:32  Zergling x2  
  65  9:34  Zergling x2  
  65  9:35  Zergling x6  
  56  9:49  Zergling x2  
  56  9:50  Zergling x2  
  56  9:51  Zergling x8  
  62  10:06  Zergling x2  
  63  10:07  Zergling x2  
  63  10:10  Zergling x2  
  63  10:13  Drone  
  66  10:23  Zergling x2  
  58  10:31  Zergling x2  
  58  10:32  Zergling x2  
  53  10:39  Drone  
  53  10:40  Drone x4  
  55  10:44  Drone  
  55  10:47  Drone x2  
  55  10:54  Zergling x2  
  52  11:02  Nydus Canal  
Tags
 
Add a new tag
Caveats
  • Supply blocks, unpowered buildings, or Contaminate may cause inaccurate times.
  • Supply counts are checked every 10 seconds.